 Dungeon Crawl Stone Soup version 0.17-a0-1393-gcb420ff (webtiles) character file.

4493 ololoev the Tainter (level 10, -3/63 HPs)
             Began as a Mummy Venom Mage on June 16, 2015.
             Was an Initiate of Gozag.
             Splashed by a jelly's acid (9 damage)
             ... on level 9 of the Dungeon.
             The game lasted 00:29:15 (8916 turns).

ololoev the Tainter (Mummy Venom Mage)              Turns: 8916, Time: 00:29:15

Health: -3/63      AC: -13   Str: 11    XL:     10   Next: 16%
Magic:  18/22      EV: 12    Int: 17    God:    Gozag
Gold:   848        SH:  0    Dex: 14    Spells: 3 memorised, 17 levels left

rFire  . . .     SeeInvis .     m - +1 rapier (protect)
rCold  + . .     Clarity  .     r - +0 robe (curse)
rNeg   + + +     SustAt   .     (no shield)
rPois  ∞         Gourm    .     (no helmet)
rElec  .         Spirit   .     (no cloak)
rCorr  .         Warding  +     s - +0 pair of gloves
rMut   .         Stasis   .     (no boots)
MR     +....                    i - amulet of warding
Stlth  ++........               q - ring of protection from fire
                                g - +4 ring of protection

@: corroded equipment, somewhat resistant to hostile enchantments, unstealthy
A: no food or potions, fire vulnerability, cold resistance 1, negative energy
resistance 3, torment resistance, unbreathing
a: Potion Petition, Call Merchant, Bribe Branch, Renounce Religion


Innate Abilities, Weirdness & Mutations

You do not eat or drink.
Your flesh is vulnerable to fire.
You are immune to poison.
Your flesh is cold resistant.
You are immune to negative energy.
You are immune to unholy pain and torment.
You can survive without breathing.

Inventory:

Hand weapons
 m - a +1 rapier of protection (weapon)
Missiles
 f - 5 javelins (quivered)
Armour
 r - a cursed +0 robe (worn)
 s - a +0 pair of gloves (worn)
Jewellery
 g - a +4 ring of protection (left hand)
 i - an amulet of warding (around neck)
 q - a ring of protection from fire (right hand)
Magical devices
 p - a wand of paralysis (11)
Scrolls
 c - 2 scrolls of amnesia {unknown}
 d - a scroll of fog {unknown}
 e - 3 scrolls of identify {unknown}
 h - a scroll of recharging {unknown}
 j - 4 scrolls of remove curse {unknown}
 k - 4 scrolls of enchant weapon {unknown}
 l - 2 scrolls of magic mapping {unknown}
 n - 2 scrolls of fear {unknown}
 o - 3 scrolls of teleportation {unknown}
Books
 b - a Young Poisoner's Handbook

   Spells                             Type                      Level
   a - Sting                          Conjuration/Poison           1
   b - Cure Poison                    Poison                       2
   c - Mephitic Cloud                 Conjuration/Poison/Air       3
   d - Olgreb's Toxic Radiance        Poison                       4
   e - Venom Bolt                     Conjuration/Poison           5


   Skills:
 - Level 1.5 Dodging
 - Level 1.5 Stealth
 + Level 8.0 Spellcasting
 * Level 10.7 Poison Magic


You had 17 spell levels left.
You knew the following spells:

 Your Spells              Type           Power        Failure   Level  Hunger
a - Sting                 Conj/Pois      ####         1%          1    N/A
b - Mephitic Cloud        Conj/Pois/Air  ###.....     10%         3    N/A
c - Olgreb's Toxic Radia  Pois           #####...     1%          4    N/A


You were on level 9 of the Dungeon.
You worshipped Gozag.
Gozag was noncommittal.
You were not hungry.

You visited 2 branches of the dungeon, and saw 9 of its levels.

You collected 887 gold pieces.
You paid 39 gold pieces to Gozag.

....... ......... # #.....
.#.#..... #.#.... .........
.#... ............. . ...
.#.......... .. #.#
........... ..# #.#
#.......... .. #J# #.%........
#.#@######...#.#####
#..######.≈.....##...#.#####
................[...).......
.......##.#.###.#...)#.#####
###...=..............(........
$
........K..#.###.#....#.###.♣
###......##.#.###.#.........♣♣
.....##.##............#.###♣
#..Y........#.#.#.#.5#..#

Notes
Turn   | Place    | Note
--------------------------------------------------------------
     0 | D:1      | ololoev the Mummy Venom Mage began the quest for the Orb.
     0 | D:1      | Reached XP level 1. HP: 13/13 MP: 3/3
   188 | D:1      | Reached XP level 2. HP: 17/19 MP: 0/5
  1153 | D:2      | Reached XP level 3. HP: 21/24 MP: 0/6
  1158 | D:2      | Learned a level 3 spell: Mephitic Cloud
  1236 | D:2      | Reached skill level 4 in Poison Magic
  1489 | D:2      | Reached XP level 4. HP: 30/30 MP: 3/8
  1496 | D:2      | Learned a level 4 spell: Olgreb's Toxic Radiance
  2676 | D:3      | Found a burning altar of Makhleb.
  2985 | D:3      | Reached XP level 5. HP: 31/35 MP: 1/9
  3215 | D:3      | Reached skill level 5 in Poison Magic
  3454 | D:4      | Reached XP level 6. HP: 36/41 MP: 1/11
  3624 | D:4      | Noticed Multipenetrator's ghost (average DsAK)
  3727 | D:4      | Found an ancient bone altar of Kikubaaqudgha.
  4011 | D:5      | Entered Level 5 of the Dungeon
  4123 | D:5      | Noticed Eustachio
  4141 | D:5      | Killed Eustachio
  4141 | D:5      | Reached skill level 6 in Poison Magic
  4141 | D:5      | Reached XP level 7. HP: 32/46 MP: 2/13
  4229 | D:5      | Found a staircase to the Ecumenical Temple.
  4235 | Temple   | Entered the Ecumenical Temple
  4239 | Temple   | Became a worshipper of Gozag Ym Sagoz the Greedy
  4687 | D:5      | Found a sacrificial altar of Ru.
  4688 | D:5      | Found an iron altar of Okawaru.
  4716 | D:6      | Noticed Edmund
  4995 | D:6      | Reached skill level 5 in Spellcasting
  4995 | D:6      | Reached skill level 7 in Poison Magic
  5362 | D:6      | Reached XP level 8. HP: 30/52 MP: 3/15
  6409 | D:6      | Reached skill level 8 in Poison Magic
  6703 | D:6      | Killed Edmund
  7557 | D:7      | You fall through a shaft for 2 floors!
  7560 | D:9      | Reached XP level 9. HP: 57/57 MP: 5/18
  7565 | D:9      | Reached skill level 9 in Poison Magic
  7570 | D:9      | Noticed a two-headed ogre
  7683 | D:9      | Found a glowing silver altar of Zin.
  7694 | D:9      | Found a white marble altar of Elyvilon.
  7696 | D:9      | Found a glowing golden altar of the Shining One.
  7835 | D:9      | Killed a two-headed ogre
  8318 | D:9      | Found Diedgh Axkex's Antique Weapon Emporium.
  8714 | D:9      | Reached skill level 10 in Poison Magic
  8742 | D:9      | Reached XP level 10. HP: 28/63 MP: 1/21
  8916 | D:9      | Splashed by a jelly's acid

Dungeon Overview and Level Annotations

Branches:
Dungeon (9/15)             Temple (1/1) D:5
   Lair: D:8-11         Orc: D:9-12

Altars:
Elyvilon
Fedhas
Gozag
Kikubaaqudgha
Makhleb
Okawaru
Qazlal
Ru
Trog
Zin
The Shining One

Shops:
D:9 (

Annotations:
D:4 Multipenetrator's ghost, average DsAK


Message History

The sky beast is almost dead.
You kill the sky beast!
You see here 16 gold pieces.
You hit the jelly.
Your hands burn!
The jelly is moderately wounded.
The jelly hits you but does no damage.
You hit the jelly but do no damage.
Your hands burn!
The jelly is moderately wounded.
The jelly is distracted by the nearby gold.
The jelly quivers.
You hit the jelly.
The jelly is no longer distracted by gold.
Your hands burn!
The jelly is moderately wounded.
The jelly hits you.
You are splashed with acid!
The acid burns!
You hit the jelly. The acid corrodes you!
Your hands burn!
The jelly is heavily wounded.
The jelly closely misses you. The jelly misses you.
You hit the jelly.
Your hands burn!
The jelly is severely wounded.
The jelly barely misses you.
You hit the jelly.
Your hands burn!
The jelly is almost dead.
The jelly closely misses you.
You hit the jelly. The acid corrodes you!
Your hands burn!
The jelly is almost dead.
The jelly closely misses you.
You hit the jelly but do no damage. The acid corrodes you!
Your hands burn!
The jelly is almost dead.
The jelly barely misses you.
A big kobold comes into view.
You hit the jelly.
Your hands burn!
The jelly is almost dead.
The jelly closely misses you. The jelly misses you.
You hit the jelly but do no damage. The acid corrodes you!
Your hands burn!
The jelly is almost dead.
The jelly hits you.
You are splashed with acid!
The acid corrodes you!
The acid burns!
You die...
Your body crumbles into a pile of gold.

You could see a big kobold and a jelly.

Vanquished Creatures
  A two-headed ogre (D:9)
  2 deep elf magi (D:9)
  7 yaks (D:9)
  Edmund (D:6)
  A hippogriff (D:9)
  A water moccasin (D:7)
  A sky beast (D:9)
  4 centaurs
  2 ice beasts (D:6)
  3 ogres
  4 giant frogs
  2 wyvern skeletons (D:6)
  A scorpion (D:5)
  4 killer bees (D:9)
  5 wights (D:9)
  2 crimson imps
  2 hounds
  A gnoll shaman (D:5)
  An orc priest (D:6)
  4 orc wizards
  2 centaur skeletons
  3 iguanas
  5 worker ants
  12 gnolls
  A shadow imp (D:5)
  7 adders
  3 worms (D:2)
  An adder skeleton (D:4)
  3 giant geckos
  20 orcs
  12 bats
  A bat skeleton (D:7)
  3 giant cockroaches
  12 goblins
  12 hobgoblins
  4 jackals (D:6)
  17 kobolds
  4 quokkas
  A ball python (D:2)
  A giant gecko skeleton (D:5)
  3 giant newts
  A quokka zombie (D:5)
  16 rats
193 creatures vanquished.

Vanquished Creatures (others)
  Eustachio (D:5)
1 creature vanquished.

Grand Total: 194 creatures vanquished

Action                   |  1- 3 |  4- 6 |  7- 9 | 10-12 || total
-------------------------+-------+-------+-------+-------++-------
Melee: Unarmed           |     6 |       |       |       ||     6
       Dagger            |    61 |    15 |       |       ||    76
       Mace              |       |    99 |       |       ||    99
       Rapier            |       |       |   367 |    25 ||   392
Throw: Javelin           |     5 |       |       |       ||     5
 Cast: Sting             |    60 |    66 |     5 |     1 ||   132
       Olgreb's Toxic Ra |       |    15 |    52 |     2 ||    69
       Mephitic Cloud    |       |       |    11 |     2 ||    13
Invok: Potion Petition   |       |       |     1 |       ||     1
 Stab: Sleeping          |       |     3 |       |       ||     3
       Distracted        |       |       |     1 |     1 ||     2
       Confused          |       |       |     3 |     1 ||     4

Vault maps used:
D:1:      dpeg_arrival_tiny_k
D:3:      lightli_temple_of_fire
D:4:      old_standard_altar, first_bread
D:5:      gammafunk_temple_overflow_statue, minmay_temple_entry_metal_lava,
          uniq_eustachio
D:6:      uniq_edmund
D:9:      good_gods_temple_1, serial_shops, shop, hangedman_tree_tricks
Temple:   triangle_lava_temple_12
